 Dungeon Crawl Stone Soup version 0.14.1-1-g650416f (webtiles) character file.

719 Leibowitz the Sneak (level 6, -5/47 (48) HPs)
             Began as a Demigod Enchanter on May 1, 2014.
             Slain by Duvessa
             ... wielding a +0,+0 cutlass
              (14 damage)
             ... on Level 4 of the Dungeon.
             The game lasted 00:21:17 (5144 turns).

Leibowitz the Sneak (Demigod Enchanter)             Turns: 5144, Time: 00:21:17

HP  -5/47 (48)   AC  3     Str 11      XL: 6   Next: 64%
MP  16/17        EV 13     Int 23      God:
Gold 213         SH  0     Dex 17      Spells:  4 memorised,  3 levels left

rFire  . . .     SeeInvis .     b - +0 blowgun
rCold  . . .     Clarity  +     B - +1 robe
rNeg   . . .     Conserve .     (no shield)
rPois  .         rCorr    .     (no helmet)
rElec  .         rRot     .     (no cloak)
SustAb . .       Spirit   .     (no gloves)
rMut   .         Warding  .     (no boots)
Saprov . . .     Stasis   .     y - amulet of clarity {unknown}
MR     .....                    (no ring)
                                (no ring)

@: hasted, very quick, not resistant to hostile enchantments, stealthy
A: no striking features
a: no special abilities


You were on level 4 of the Dungeon.
You were not hungry.

You visited 1 branch of the dungeon, and saw 4 of its levels.

You collected 213 gold pieces.

Inventory:

Hand weapons
 a - a +2,+1 short sword of holy wrath
 b - a +0 blowgun (weapon)
 k - a +1,+1 dagger
Missiles
 d - 12 darts
 s - 11 poisoned needles (quivered)
Armour
 B - a +1 robe (worn)
Magical devices
 C - a wand of slowing (13)
Comestibles
 f - 4 bread rations
Scrolls
 e - 2 scrolls of identify {unknown}
 g - a scroll of enchant weapon II {unknown}
 j - 2 scrolls of remove curse {unknown}
 l - a scroll of immolation {unknown}
 m - a scroll of noise {unknown}
 n - 3 scrolls of teleportation {unknown}
 o - a scroll of recharging {unknown}
 q - 2 scrolls of blinking {unknown}
 t - 2 scrolls of random uselessness {unknown}
 u - a scroll of amnesia {unknown}
 x - a scroll of fog {unknown}
 z - a scroll of enchant weapon I {unknown}
Jewellery
 p - an uncursed amulet of conservation {unknown}
 y - an amulet of clarity (around neck) {unknown}
Potions
 h - 5 potions of curing
 i - 2 potions of haste
 r - a potion of mutation {unknown}
 v - a potion of poison {unknown}
 w - a potion of brilliance {unknown}
Books
 c - a book of Maledictions

   Spells                             Type                      Level
   *Corona                            Hexes                        1
   *Sure Blade                        Hexes/Charms                 2
   *Ensorcelled Hibernation           Hexes/Ice                    2
   *Confuse                           Hexes                        3
   Enslavement                        Hexes                        4
   Invisibility                       Hexes                        6


   Skills:
 * Level 2.0 Fighting
 + Level 1.4 Short Blades
 - Level 0.8 Throwing
 + Level 2.2 Dodging
 * Level 4.3 Stealth
 * Level 3.3 Spellcasting
 + Level 3.2 Hexes
 * Level 1.6 Charms
 + Level 1.4 Ice Magic


You had 3 spell levels left.
You knew the following spells:

 Your Spells              Type           Power        Failure   Level  Hunger
a - Corona                Hex            ###....      2%          1    None
b - Ensorcelled Hibernat  Hex/Ice        ##....       10%         2    #......
c - Sure Blade            Hex/Chrm       ###.......   10%         2    #......
d - Confuse               Hex            ###.....     10%         3    ###....


Dungeon Overview and Level Annotations

Branches:
Dungeon (4/15)             Temple (0/1) D:4

Annotations:
D:3 exclusion: Natasha
D:4 Dowan, Duvessa


Message History

Duvessa gestures with her weapon.
Duvessa hits you with a cutlass.
Firing (i - inventory. (,) - cycle):
s - 13 poisoned needles (quivered)
Press: ? - help, Shift-Dir - straight line, f/p - Dowan
Aim: Dowan, wielding a dagger and wearing a robe (lightly wounded, poisoned, moving slowly)
You shoot a poisoned needle. The poisoned needle hits Duvessa.
Duvessa looks even sicker.
Duvessa is lightly wounded.
Duvessa hits you with a cutlass.
Firing (i - inventory. (,) - cycle):
s - 12 poisoned needles (quivered)
Press: ? - help, Shift-Dir - straight line, f/p - Dowan
Aim: Dowan, wielding a dagger and wearing a robe (lightly wounded, poisoned, moving slowly)
You shoot a poisoned needle. The poisoned needle hits Duvessa.
Duvessa is moderately wounded.
Duvessa barely misses you. Duvessa hits you with a cutlass.
* * * LOW HITPOINT WARNING * * *
Drink which item? (? for menu, Esc to quit)
You feel yourself speed up.
It was a potion of haste.
Duvessa hits you with a cutlass!
You die...

........................
...####.##...............
...####.##...#####......
.............#####..... .
...###...............####...
..................)..>......
............###.##..........
............###.##..........#
................@ee....##.##
#####################..# .#
..# .# ..# .# ... .# ..## .#
..# .########## ..#
..........# .


You could see Duvessa and Dowan.

Vanquished Creatures
  A necrophage (D:4)
  An ogre (D:4)
  2 hounds (D:4)
  An iguana (D:4)
  An orc wizard (D:3)
  Natasha (twice) (D:3)
  5 adders
  A giant mite (D:2)
  5 worms
  An orc skeleton (D:4)
  An orc zombie (D:3)
  A giant eyeball (D:4)
  An ooze (D:3)
  6 orcs
  7 giant cockroaches
  5 hobgoblins
  4 jackals (D:1)
  11 kobolds
  4 ball pythons
  5 bats
  7 giant newts
  10 goblins
  A jackal skeleton (D:4)
  A quokka (D:3)
  13 rats
  A rat skeleton (D:4)
98 creatures vanquished.

Notes
Turn   | Place    | Note
--------------------------------------------------------------
     0 | D:1      | Leibowitz, the Demigod Enchanter, began the quest for the Orb.
     0 | D:1      | Reached XP level 1. HP: 14/14 MP: 3/3
    24 | D:1      | Reached skill level 1 in Short Blades
   392 | D:1      | Reached XP level 2. HP: 16/22 MP: 0/4
   410 | D:1      | Reached skill level 1 in Fighting
   417 | D:1      | Learned a level 2 spell: Ensorcelled Hibernation
  1213 | D:2      | Reached XP level 3. HP: 15/28 MP: 8/8
  1217 | D:2      | Learned a level 2 spell: Sure Blade
  2012 | D:2      | Found a burning altar of Makhleb.
  3071 | D:3      | Reached XP level 4. HP: 33/35 MP: 8/11
  3120 | D:3      | Reached skill level 3 in Hexes
  3249 | D:3      | Reached skill level 1 in Ice Magic
  3369 | D:3      | Found an iron altar of Okawaru.
  3425 | D:3      | Learned a level 3 spell: Confuse
  3647 | D:3      | Noticed Natasha
  3854 | D:3      | Reached XP level 5. HP: 22/40 MP: 3/12
  3871 | D:3      | Killed Natasha
  3871 | D:3      | Reached skill level 1 in Charms
  3884 | D:3      | Noticed Natasha
  3895 | D:3      | Killed Natasha
  4165 | D:4      | Noticed a necrophage
  4184 | D:4      | Killed a necrophage
  4328 | D:4      | Reached XP level 6. HP: 42/47 MP: 14/16
  4375 | D:4      | Found a staircase to the Ecumenical Temple.
  4627 | D:4      | Noticed an ogre
  4831 | D:4      | Killed an ogre
  4831 | D:4      | Reached skill level 4 in Stealth
  4886 | D:4      | Got a smelly chain mail
  4898 | D:4      | Identified the +7 chain mail "Kippybo" {Stlth++} (You found it on level 4 of the Dungeon)
  4920 | D:4      | Found a shimmering altar of Xom.
  5009 | D:4      | Found a shimmering altar of Xom.
  5012 | D:4      | Found a shimmering altar of Xom.
  5015 | D:4      | Found a shimmering altar of Xom.
  5128 | D:4      | Noticed Dowan
  5131 | D:4      | Noticed Duvessa
  5144 | D:4      | Slain by Duvessa

Action                   |  1- 3 |  4- 6 || total
-------------------------+-------+-------++-------
Melee: Dagger            |   214 |   111 ||   325
       Short sword       |       |    55 ||    55
 Fire: Blowgun           |       |    22 ||    22
Throw: Dart              |     4 |       ||     4
 Cast: Corona            |    10 |     5 ||    15
       Ensorcelled Hiber |    23 |    20 ||    43
       Sure Blade        |     6 |     4 ||    10
       Confuse           |       |     6 ||     6
Evoke: Wand              |       |     1 ||     1
  Use: Potion            |       |     2 ||     2
 Stab: Sleeping          |    15 |    21 ||    36
       Confused          |       |     4 ||     4
